AoeStats
← Nirmitha

MegaRandom

509598848Analyzed
3v3 RM · 4d ago on Sep 27, 2026· 63m 1s· 6 players
Game mode
Random Map
Map size
Normal (6 player)
Population
200
Speed
Normal
Resources
Standard
Victory
Conquest
Starting age
Dark Age
Ending age
Imperial Age
RankedLock teamsTeams togetherTeam positionsShared explorationLock speedFull tech treeHidden civsTurbo modeCheats
Victory
Defeat
🇱🇰 Varangians · Sri Lanka
812
+16
🇦🇺 Saxons · Australia
784
+17
🇮🇪 Huns · Ireland
749
+18
🇨🇳 Khitans · China
823
-18
🇩🇪 Vietnamese · Germany
812
-17
🇩🇪 Hindustanis · Germany
784
-16
Sith Lord
0:36 Loom
11:26 Feudal Age
13:04 Horse Collar
13:11 Double-Bit Axe
15:14 Gold Mining
16:00 Stone Mining
16:55 Wheelbarrow
19:56 Castle Age
20:11 Bloodlines
21:54 Husbandry
22:51 Scale Barding Armor
23:07 Town Watch
25:23 Vendel Legacy
29:44 Pikeman
30:25 Squires
30:12 Arson
31:09 Man-at-Arms
31:34 Gambesons
36:52 Imperial Age
38:02 Hand Cart
39:50 Stone Shaft Mining
39:19 Heavy Plow
39:33 Bow Saw
42:11 Conscription
42:41 Elite Jarl
43:50 Chain Barding Armor
43:41 Forging
45:58 Two-Man Saw
45:37 Crop Rotation
46:50 Guilds
46:41 Caravan
47:59 Halberdier
49:24 Plate Barding Armor
49:25 Iron Casting
48:51 Scale Mail Armor
62:01 Devotion
Vacationing
0:41 Loom
11:03 Feudal Age
12:47 Double-Bit Axe
16:27 Castle Age
15:49 Wheelbarrow
15:01 Town Watch
17:48 Light Cavalry
19:54 Bloodlines
19:46 Husbandry
29:12 Scale Barding Armor
29:18 Forging
30:40 Hand Cart
33:10 Ballistics
32:46 Fletching
34:00 Thumb Ring
36:24 Bodkin Arrow
37:55 Town Patrol
38:18 Bow Saw
37:51 Horse Collar
43:23 Imperial Age
42:29 Padded Archer Armor
44:44 Conscription
44:55 Atheism
44:40 Marauders
44:54 Masonry
45:45 Chemistry
44:45 Heavy Cavalry Archer
45:42 Heavy Plow
45:24 Capped Ram
51:00 Chain Barding Armor
51:16 Iron Casting
50:42 Bracer
50:58 Leather Archer Armor
50:55 Caravan
54:34 Elite Tarkan
58:16 Parthian Tactics
59:01 Blast Furnace
Nirmitha
0:44 Loom
11:23 Feudal Age
12:36 Town Watch
12:53 Double-Bit Axe
12:51 Horse Collar
16:26 Stone Mining
17:59 Fletching
19:47 Wheelbarrow
22:43 Castle Age
23:47 Bodkin Arrow
25:08 Squires
25:54 Guard Tower
27:24 Pikeman
28:21 Gambesons
30:44 Scale Mail Armor
38:13 Imperial Age
37:48 Forging
37:53 Chain Mail Armor
39:08 Man-at-Arms
41:32 Chemistry
40:37 Man-at-Arms
43:51 Long Swordsman
44:50 Heavy Plow
46:02 Arson
47:39 Keep
46:50 Arrowslits
46:58 Two-Handed Swordsman
49:15 Murder Holes
51:52 Capped Ram
52:51 Chain Mail Armor
52:40 Bracer
57:19 Plate Mail Armor
57:37 Fortified Wall
57:38 Masonry
59:27 Town Patrol
59:21 Halberdier
61:29 Gold Mining
riechie95
11:52 Feudal Age
12:25 Double-Bit Axe
18:37 Castle Age
19:20 Horse Collar
20:44 Horse Collar
22:37 Bow Saw
26:19 Scale Barding Armor
26:57 Bloodlines
29:07 Chain Barding Armor
29:00 Forging
29:48 Ballistics
31:04 Fletching
33:08 Scale Mail Armor
35:45 Chain Mail Armor
35:54 Bodkin Arrow
57:31 Iron Casting
59:02 Heavy Plow
TheDarkPhantom87
11:09 Feudal Age
12:35 Double-Bit Axe
14:07 Scale Barding Armor
15:23 Forging
15:31 Bloodlines
15:12 Horse Collar
21:46 Castle Age
22:48 Bow Saw
22:43 Heavy Plow
23:20 Gold Mining
23:21 Stone Mining
24:21 Wheelbarrow
27:19 Loom
28:30 Pikeman
39:26 Hand Cart
42:09 Stone Shaft Mining
42:30 Husbandry
43:12 Iron Casting
47:16 Imperial Age
46:07 Bloodlines
48:36 Elite Battle Elephant
49:57 Chain Barding Armor
54:18 Plate Barding Armor
54:21 Elite Skirmisher
55:38 Thumb Ring
55:17 Imperial Skirmisher
55:55 Fletching
56:06 Padded Archer Armor
57:10 Two-Man Saw
56:48 Crop Rotation
58:08 Ballistics
58:21 Bodkin Arrow
58:42 Leather Archer Armor
58:32 Halberdier
61:59 Squires
62:26 Scale Mail Armor
SUMC_月月
10:41 Feudal Age
12:08 Feudal Age
12:47 Double-Bit Axe
12:46 Domestication
13:47 Wheelbarrow
17:09 Castle Age
16:09 Stone Mining
18:13 Hand Cart
19:16 Pastoralism
23:06 Town Watch
23:46 Bow Saw
24:47 Gold Mining
26:19 Stone Shaft Mining
27:17 Town Patrol
31:02 Imperial Age
29:09 Forging
28:59 Scale Mail Armor
29:27 Lamellar Armor
30:51 Chain Mail Armor
31:12 Iron Casting
32:57 Transhumance
33:33 Two-Man Saw
33:47 Plate Mail Armor
33:39 Guilds
32:58 Elite Liao Dao
56:53 Padded Archer Armor
56:44 Fletching
58:01 Pikeman
58:42 Squires
58:28 Arson
Connection lost

Rejoining the realm…

Still unreachable

The connection could not be restored.

Session expired

The server has moved on; the page needs a fresh start.